 Dungeon Crawl Stone Soup version 0.31-a0-95-g6fa058ef04 (webtiles) character file.

Game seed: 4864399083633258590

1871 senseless the Fighter (level 9, 0/96 HPs)
             Began as an Ogre Gladiator on May 25, 2023.
             Was a High Priest of Jiyva.
             Slain by a killer bee (8 damage)
             ... on level 7 of the Dungeon.
             The game lasted 00:15:59 (5095 turns).

senseless the Fighter (Ogre Gladiator)              Turns: 5095, Time: 00:16:00

Health: 0/96       AC:  4    Str: 24    XL:     9   Next: 13%
Magic:  13/13      EV: 11    Int: 15    God:    Jiyva [*****.]
Gold:   113        SH:  0    Dex: 10    Spells: 11/14 levels left

rFire   + . .        s - +1 giant club
rCold   . . .        (shield currently unavailable)
rNeg    . . .        v - +1 robe {rF+}
rPois   .            c - +0 hat
rElec   .            (no cloak)
rCorr   +            (gloves unavailable)
SInv    .            (boots unavailable)
Will    .....        u - amulet of regeneration
Stlth   +            g - +6 ring of intelligence
HPRegen 2.60/turn    (no ring)
MPRegen 0.58/turn

%: resist mutation
@: mighty, about to teleport
A: large, unfitting armour, tough skin 1, antennae 2, mutation resistance 3,
jelly sensing items, engulf
a: Renounce Religion, Oozemancy, Slimify


You were on level 7 of the Dungeon.
You worshipped Jiyva.
Jiyva was extremely pleased with you.
You visited 1 branch of the dungeon, and saw 7 of its levels.

You collected 230 gold pieces.
You spent 117 gold pieces at shops.

Inventory:

Hand Weapons
 o - a +0 giant spiked club
 s - a +1 giant club (weapon)
Missiles
 a - 31 poisoned darts
 d - 3 throwing nets (quivered)
 e - a large rock
 n - 5 datura-tipped darts
Armour
 c - a +0 hat (worn)
 v - a +1 robe of fire resistance (worn)
Jewellery
 g - a +6 ring of intelligence (left hand)
 u - an amulet of regeneration (around neck)
 x - a +6 ring of intelligence
Wands
 j - a wand of digging (5)
Scrolls
 f - 2 scrolls of fear
 k - a scroll of teleportation
 m - 3 scrolls of amnesia
 t - a scroll of identify
Potions
 b - a potion of attraction
 h - a potion of haste
 i - a potion of mutation
 p - a potion of lignification
 r - a potion of might


   Skills:
 * Level 8.3 Fighting
 * Level 6.0 Maces & Flails
 - Level 2.0 Throwing
 * Level 6.0 Dodging
 + Level 3.1 Spellcasting
 + Level 2.4 Translocations
 + Level 2.3 Air Magic


You had 11 spell levels left.
You knew the following spells:

 Your Spells              Type           Power      Damage    Failure   Level
a - Vhi's Electric Charg  Tloc/Air       16%        N/A       26%         3

Your spell library contained the following spells:

 Spells                   Type           Power      Damage    Failure   Level
 Portal Projectile        Hex/Tloc       8%         N/A       38%         3
 Tukima's Dance           Hex            2%         N/A       52%         3
 Arcjolt                  Conj/Air       2%         1d12      99%         5
 Blade Hands              Tmut           1%         N/A       99%         5
 Plasma Beam              Fire/Air       2%         2x1d13    100%        6


Dungeon Overview and Level Annotations

Branches:
Dungeon (7/15)
 Temple: D:4-7

Altars:
Yredelemnul
Jiyva

Shops:
D:4 !   D:5 !=*


Innate Abilities, Weirdness & Mutations

You are too large for most types of armour.
You have tough skin. (AC +1)
You have a pair of antennae on your head.
You are almost entirely resistant to further mutation and mutation removal.
You have a small jelly attached to you that senses nearby items.
Your melee attacks may engulf your foes in ooze.


Message History

Unknown command.
You feel very mighty all of a sudden.
You feel sick. The killer bee stings you!
* * * LOW HITPOINT WARNING * * *
The killer bee stings you but does no damage.
You barely miss the killer bee.
You feel sick. The killer bee stings you.
* * * LOW HITPOINT WARNING * * *
The killer bee stings you but does no damage.
The killer bee barely misses you.
You feel better.
The killer bee stings you but does no damage. x2
You miss the killer bee.
The killer bee stings you but does no damage.
The killer bee stings you!
* * * LOW HITPOINT WARNING * * *
You barely miss the killer bee. The killer bee stings you.
* * * LOW HITPOINT WARNING * * *
You are poisoned.
The killer bee poisons you! The killer bee barely misses you.
The killer bee stings you.
* * * LOW HITPOINT WARNING * * *
You closely miss the killer bee.
You feel very sick. The killer bee barely misses you.
The killer bee stings you but does no damage.
You barely miss the killer bee.
You feel sick. The killer bee closely misses you.
The killer bee barely misses you. The killer bee stings you!
* * * LOW HITPOINT WARNING * * *
You feel better. The killer bee barely misses you. The killer bee stings you!
* * * LOW HITPOINT WARNING * * *
As you read the scroll of teleportation, it crumbles to dust.
You feel strangely unstable. The killer bee stings you.
* * * LOW HITPOINT WARNING * * *
You are poisoned.
The killer bee poisons you! The killer bee barely misses you.
You feel better. The killer bee stings you!
* * * LOW HITPOINT WARNING * * *
The killer bee stings you!
You die...

..# ## ###..# ..y
###....# # ..
#......#.#.
#.#..........
#........# #$..yy..#
#.##y#..# # #@#..#
###.##.#..#+#+##
................. #.
##.#####.........
.###.######.>......
.............#######
.......#...........#
... ...#...........#
#.# #.##...........#


You could see 3 killer bees.

Vanquished Creatures
  A wyvern (D:6)
  A water moccasin (D:7)
  2 ice beasts
  2 sky beasts (D:6)
  2 ogres
  A centaur (D:6)
  Blork the orc (D:6)
  A bullfrog (D:7)
  2 kobold brigands
  A scorpion (D:6)
  3 killer bees (D:7)
  2 howler monkeys (D:5)
  3 hounds
  2 gnoll boudas (D:6)
  2 sleepcaps
  3 iguanas
  An orc wizard (D:4)
  5 gnolls
  8 adders
  A white imp (D:5)
  A worm (D:2)
  3 dart slugs
  8 orcs
  An endoplasm (D:1)
  A giant cockroach (D:1)
  7 hobgoblins
  A quokka (D:2)
  5 ball pythons
  2 bats
  4 frilled lizards
  12 goblins
  19 kobolds
  2 rats (D:2)
110 creatures vanquished.

Vanquished Creatures (others)
  4 jellies
  An orc priest (D:6)
  A hound (D:5)
  An iguana (D:5)
  2 orc wizards (D:6)
  7 gnolls (D:5)
  An adder (D:5)
  A worm (D:5)
  6 orcs
  3 giant cockroaches (D:3)
  22 goblins (D:5)
  23 hobgoblins
  A ball python (D:4)
  A rat (D:3)
74 creatures vanquished.

Grand Total: 184 creatures vanquished

Notes
Turn   | Place    | Note
-------+----------+-------------------------------------------
     0 | D:1      | senseless the Ogre Gladiator began the quest for the Orb.
     0 | D:1      | Reached XP level 1. HP: 22/22 MP: 1/1
    64 | D:1      | Reached skill level 3 in Fighting
    90 | D:1      | Reached XP level 2. HP: 16/31 MP: 2/2
   407 | D:1      | Reached XP level 3. HP: 37/37 MP: 3/3
   530 | D:1      | You fall into a shaft and drop 1 floor!
   545 | D:2      | Found a faded altar of an unknown god.
   551 | D:2      | Prayed at the altar of an unknown god.
   551 | D:2      | Became a worshipper of Jiyva Jyelyar the Shapeless
   551 | D:2      | Reached * piety under Jiyva
  1059 | D:2      | Reached XP level 4. HP: 48/48 MP: 4/4
  1088 | D:2      | Reached skill level 4 in Fighting
  1427 | D:3      | Reached ** piety under Jiyva
  2163 | D:4      | Reached *** piety under Jiyva
  2165 | D:4      | Found Pewkepsilo's Distillery.
  2174 | D:4      | Bought a potion of degeneration for 13 gold pieces
  2174 | D:4      | Bought a potion of mutation for 104 gold pieces
  2299 | D:4      | Reached XP level 5. HP: 55/55 MP: 5/5
  2325 | D:4      | Gained mutation: You possess an exceptional clarity of
                  | mind. [Jiyva's grace]
  2325 | D:4      | Gained mutation: Your melee attacks may engulf your foes in
                  | ooze. [Jiyva's grace]
  2325 | D:4      | Gained mutation: You have a pair of small antennae on your
                  | head. [Jiyva's grace]
  2325 | D:4      | Gained mutation: You have a pair of antennae on your head.
                  | [Jiyva's grace]
  2549 | D:4      | Reached skill level 5 in Fighting
  2742 | D:4      | Reached **** piety under Jiyva
  3066 | D:5      | Entered Level 5 of the Dungeon
  3072 | D:5      | Reached XP level 6. HP: 62/66 MP: 6/6
  3165 | D:5      | Found Cuozxo Kyac's Jewellery Boutique.
  3166 | D:5      | Found a basalt altar of Yredelemnul.
  3209 | D:5      | Found Eniria Qooza's Distillery.
  3290 | D:5      | Reached XP level 7. HP: 40/74 MP: 7/7
  3304 | D:5      | Reached skill level 6 in Fighting
  3359 | D:5      | Found a transporter.
  3411 | D:5      | Found Mesirh Xips's Assorted Antiques.
  3469 | D:5      | Found a transporter.
  3574 | D:5      | Reached ***** piety under Jiyva
  3850 | D:5      | Learned a level 3 spell: Vhi's Electric Charge
  4038 | D:6      | Noticed Blork the orc
  4044 | D:6      | Killed Blork the orc
  4059 | D:6      | Reached skill level 1 in Spellcasting
  4092 | D:6      | Reached skill level 5 in Maces & Flails
  4092 | D:6      | Reached skill level 5 in Dodging
  4092 | D:6      | Reached skill level 1 in Translocations
  4225 | D:6      | Noticed a wyvern
  4234 | D:6      | Reached skill level 1 in Air Magic
  4234 | D:6      | Reached XP level 8. HP: 54/84 MP: 8/10
  4251 | D:6      | Killed a wyvern
  4252 | D:6      | Reached skill level 7 in Fighting
  4270 | D:6      | Lost mutation: You possess an exceptional clarity of mind.
                  | [Jiyva's grace]
  4270 | D:6      | Gained mutation: You have a small jelly attached to you
                  | that senses nearby items. [Jiyva's grace]
  4270 | D:6      | Gained mutation: You are somewhat resistant to further
                  | mutation. [Jiyva's grace]
  4270 | D:6      | Gained mutation: You are somewhat resistant to both further
                  | mutation and mutation removal. [Jiyva's grace]
  4270 | D:6      | Gained mutation: You are almost entirely resistant to
                  | further mutation and mutation removal. [Jiyva's grace]
  5066 | D:7      | Reached skill level 8 in Fighting
  5066 | D:7      | Reached XP level 9. HP: 95/96 MP: 13/13
  5095 | D:7      | Slain by a killer bee

Illustrated notes

Levels and vault maps discovered:
D:1:      tarquinn_simple_flora_water_d, layout_rooms
D:2:      layout_loops_ring, dreamdust_ecumenical_altar_angels_and_demons
D:3:      layout_loops_ring, mrwooster_statue_mirror, kennysheep_generic_room_14
D:4:      layout_basic, serial_shops, nicolae_shop_trees
D:5:      minmay_goblin_kobold_castle, layout_rooms, yredelemnul_altar_generic,
          serial_shops, shop, nicolae_shop_drivethru,
          nicolae_shop_rolling_square
D:6:      layout_basic, st_stairs_13, uniq_blork_the_orc
D:7:      layout_basic, minmay_temple_entry_fiery

Skill      XL: |  1  2  3  4  5  6  7  8  9 |
---------------+----------------------------+-----
Fighting       | 3 4 5 6 8 |  8.3
Maces & Flails | 3 4 5 6 |  6.0
Dodging        | 3 4 5 6 |  6.0
Spellcasting   | 1 2 3 |  3.1
Translocations | 1 2 |  2.4
Air Magic      | 1 2 |  2.3
Throwing       | |  2.0

Action                     |  1- 3 |  4- 6 |  7- 9 || total
---------------------------+-------+-------+-------++-------
  Melee: Flail             |    96 |   146 |       ||   242
         Giant club        |       |     4 |   144 ||   148
    Use: Scroll            |       |    11 |     5 ||    16
         Potion            |       |     1 |     7 ||     8
 Armour: Robe              |    36 |    42 |    49 ||   127
  Dodge: Dodged            |    63 |    88 |   145 ||   296

Table legend: (Time is in decaauts)
 A = Elapsed time spent in this place.
 B = Non-inter-level travel time spent in this place.
 C = Inter-level travel time spent in this place.
 D = Time resting spent in this place.
 E = Time spent auto-exploring this place.
 F = Levels seen in this place.
 G = Mean time per level.
                   A        B        C        D        E       F      G
               +--------+--------+--------+--------+--------+-----+--------+
         Total |   5221 |   5006 |    215 |      8 |   4031 |   7 |  745.9 |
       Dungeon |   5221 |   5006 |    215 |      8 |   4031 |   7 |  745.9 |
               +--------+--------+--------+--------+--------+-----+--------+

Top non-repeatable levels by time:
     D:4: 1031 daAuts
     D:6: 989 daAuts
     D:5: 970 daAuts
     D:2: 780 daAuts
     D:1: 658 daAuts
     D:3: 656 daAuts
     D:7: 134 daAuts
